 Dungeon Crawl Stone Soup version 0.17.0-27-g4a3f43e (webtiles) character file.

557 septik the Magician (level 7, -7/46 HPs)
             Began as a Mummy Summoner on Nov 22, 2015.
             Shot with a poisoned arrow by a centaur (10 damage)
             ... on level 5 of the Dungeon.
             The game lasted 00:17:07 (6132 turns).

septik the Magician (Mummy Summoner)                Turns: 6132, Time: 00:17:08

Health: -7/46      AC:  3    Str: 11    XL:     7   Next: 9%
Magic:  9/15       EV: 12    Int: 17    God:
Gold:   146        SH:  0    Dex: 12    Spells: 4 memorised, 7 levels left

rFire  x . .     SeeInvis .     t - +2 dagger (venom)
rCold  + + .     Clarity  .     a - +0 robe
rNeg   + + +     SustAt   .     (no shield)
rPois  ∞         Gourm    .     (no helmet)
rElec  .         Spirit   .     (no cloak)
rCorr  .         Warding  +     (no gloves)
rMut   .         Stasis   .     c - +0 pair of boots
MR     .....                    j - amulet of warding
Stlth  ++........               (no ring)
                                u - ring of protection from cold (curse)

@: not resistant to hostile enchantments, unstealthy
A: no food or potions, fire vulnerability, cold resistance 1, negative energy
resistance 3, torment resistance, unbreathing
a: no special abilities


You were on level 5 of the Dungeon.
You were not hungry.

You visited 2 branches of the dungeon, and saw 6 of its levels.

You collected 146 gold pieces.

Inventory:

Hand Weapons
 i - a +0 club
 t - a +2 dagger of venom (weapon)
 w - a +1 short sword of electrocution
Missiles
 g - 223 stones (quivered)
Armour
 a - a +0 robe (worn)
 c - a +0 pair of boots (worn)
Jewellery
 j - an amulet of warding (around neck)
 u - a cursed ring of protection from cold (left hand)
 A - an uncursed amulet of warding
Wands
 F - a wand of paralysis (0)
 H - a wand of fireball (6)
Scrolls
 d - a scroll of random uselessness {unknown}
 f - 2 scrolls of magic mapping {unknown}
 h - a scroll of noise {unknown}
 k - 3 scrolls of identify {unknown}
 l - a scroll of recharging {unknown}
 o - a scroll of fear {unknown}
 p - a scroll of fog {unknown}
 r - a scroll of enchant weapon {unknown}
 v - a scroll of teleportation {unknown}
 y - a scroll of immolation {unknown}
 B - a scroll of amnesia {unknown}
 C - a scroll of enchant armour {unknown}
 D - a scroll of remove curse {unknown}
Potions
 e - a potion of mutation {unknown}
 n - a potion of agility {unknown}
 s - a potion of flight {unknown}
 x - 2 potions of curing {unknown}
 G - a potion of cancellation {unknown}
 I - a potion of resistance {unknown}
 J - a potion of lignification {unknown}
Books
 b - a book of Callings

   Spells                             Type                      Level
   a - Summon Small Mammal            Summoning                    1
   b - Call Imp                       Summoning                    2
   c - Call Canine Familiar           Summoning                    3
   d - Summon Guardian Golem          Hexes/Summoning              3
   e - Summon Lightning Spire         Summoning/Air                4
   f - Summon Ice Beast               Ice/Summoning                4
Comestibles
 m - 4 meat rations
 q - 2 slices of pizza
 z - 2 bread rations
 E - 5 fruits


   Skills:
 - Level 1.5 Dodging
 - Level 1.5 Stealth
 - Level 5.6 Spellcasting
 - Level 4.6 Summonings
 + Level 1.8 Ice Magic


You had 7 spell levels left.
You knew the following spells:

 Your Spells              Type           Power        Failure   Level  Hunger
a - Summon Small Mammal   Summ           ###.         1%          1    N/A
b - Call Imp              Summ           ###.....     2%          2    N/A
c - Call Canine Familiar  Summ           ###.....     8%          3    N/A
d - Summon Ice Beast      Ice/Summ       ###.....     38%         4    N/A

Dungeon Overview and Level Annotations

Branches:
Dungeon (5/15)             Temple (1/1) D:4

Altars:
Ashenzari
Cheibriados
Elyvilon
Fedhas
Kikubaaqudgha
Makhleb
Qazlal
Ru
Trog
Vehumet
Xom
Yredelemnul
Zin
The Shining One

Annotations:
D:4 Menkaure


Innate Abilities, Weirdness & Mutations

You do not eat or drink.
Your flesh is vulnerable to fire.
You are immune to poison.
Your flesh is cold resistant.
You are immune to negative energy.
You are immune to unholy pain and torment.
You can survive without breathing.


Message History

Confirm with . or Enter, or press ? or * to list all spells.
The centaur shoots a poisoned arrow.
The poisoned arrow misses your hound. The poisoned arrow barely misses you.
The centaur shoots a poisoned arrow.
The poisoned arrow closely misses your hound.
The poisoned arrow misses you.
Casting: Summon Small Mammal
Confirm with . or Enter, or press ? or * to list all spells.
Your hound dies!
Your hound's corpse disappears in a puff of smoke!
The centaur shoots a poisoned arrow.
The poisoned arrow hits you.
* * * LOW HITPOINT WARNING * * *
You swap places.
The centaur shoots a poisoned arrow.
The poisoned arrow closely misses your quokka.
The poisoned arrow hits you!
* * * LOW HITPOINT WARNING * * *
You see here a poisoned arrow.
The centaur shoots a poisoned arrow.
The poisoned arrow closely misses your quokka.
The poisoned arrow hits you!
You die...

# #.#.####..###.##
#. #..............#
.. ###†####.#####.#
.# #.####.#
#.##.h##c. #......#
#.c.(..... ##
######.# #(###.###.
.. #.#####c# .#
############..†r((.#
.#
#........).†@((r####
.# #.###############
.# #.# .####.#######
>...........##
....#######..# ###.#
#..# ##..# #..#
....# #..#


You could see a centaur and 2 friendly quokkas.

Vanquished Creatures
  Duvessa (D:5)
  Dowan (D:5)
  A scorpion (D:4)
  A giant frog zombie (D:5)
  A worker ant (D:5)
  2 adders
  A shadow imp (D:5)
  An ooze (D:2)
  A worm (D:2)
  3 bats
  A goblin (D:1)
  2 jackals (D:5)
  3 kobolds (D:3)
  A giant newt (D:1)
  A rat (D:2)
21 creatures vanquished.

Vanquished Creatures (collateral kills)
  Sigmund (D:3)
  2 ogres (D:5)
  A scorpion (D:4)
  An iguana (D:4)
  An orc wizard (D:4)
  Natasha (twice) (D:3)
  A worker ant (D:4)
  2 gnolls (D:4)
  4 adders
  An ooze (D:2)
  A worm (D:2)
  3 giant geckos
  10 orcs
  3 giant cockroaches
  3 goblins
  4 hobgoblins
  4 jackals
  A ball python (D:2)
  A bat (D:1)
  A giant gecko skeleton (D:4)
  6 giant newts
  6 kobolds
  2 quokkas (D:2)
  2 rats
63 creatures vanquished.

Grand Total: 84 creatures vanquished

Notes
Turn   | Place    | Note
--------------------------------------------------------------
     0 | D:1      | septik the Mummy Summoner began the quest for the Orb.
     0 | D:1      | Reached XP level 1. HP: 13/13 MP: 3/3
   407 | D:1      | Reached XP level 2. HP: 14/19 MP: 0/5
   411 | D:1      | Learned a level 2 spell: Call Imp
  1464 | D:2      | Reached XP level 3. HP: 24/24 MP: 2/7
  1756 | D:2      | Found a glowing golden altar of the Shining One.
  1758 | D:2      | Found a shattered altar of Ashenzari.
  2245 | D:2      | Learned a level 3 spell: Call Canine Familiar
  2614 | D:3      | Noticed Sigmund
  2654 | D:3      | Noticed Natasha
  2663 | D:3      | Killed Natasha
  2667 | D:3      | Killed Sigmund
  2667 | D:3      | Reached skill level 4 in Spellcasting
  2667 | D:3      | Reached XP level 4. HP: 30/30 MP: 1/10
  2801 | D:3      | Reached XP level 5. HP: 30/35 MP: 7/11
  2825 | D:3      | Learned a level 4 spell: Summon Ice Beast
  3443 | D:4      | Found a staircase to the Ecumenical Temple.
  3451 | Temple   | Entered the Ecumenical Temple
  4195 | D:3      | Noticed Natasha
  4197 | D:3      | Killed Natasha
  4817 | D:4      | Reached XP level 6. HP: 29/41 MP: 4/13
  5015 | D:4      | Reached skill level 5 in Spellcasting
  5032 | D:4      | Noticed Menkaure
  5035 | D:5      | Entered Level 5 of the Dungeon
  5201 | D:5      | Noticed Dowan
  5214 | D:5      | Killed Dowan
  5333 | D:5      | Noticed Duvessa
  5392 | D:5      | Killed Duvessa
  5944 | D:5      | Reached skill level 1 in Ice Magic
  6005 | D:5      | Reached XP level 7. HP: 37/46 MP: 5/15
  6131 | D:5      | HP: 2/46 [centaur/poisoned arrow (11)]
  6132 | D:5      | Shot with a poisoned arrow by a centaur

Action                   |  1- 3 |  4- 6 |  7- 9 || total
-------------------------+-------+-------+-------++-------
Melee: Unarmed           |     4 |       |       ||     4
       Club              |    32 |       |       ||    32
       Dagger            |     2 |    46 |    14 ||    62
Throw: Stone             |       |     2 |       ||     2
 Cast: Summon Small Mamm |   113 |    46 |     4 ||   163
       Call Imp          |     1 |    39 |       ||    40
       Call Canine Famil |     1 |    26 |     3 ||    30
 Stab: Distracted        |     1 |       |       ||     1
       Sleeping          |     1 |       |       ||     1
